 Dungeon Crawl Stone Soup version 0.27.1-33-g824d729ab1 (webtiles) character file.

Game seed: 1349937896830812301

153 belegose the Sneak (level 4, -3/36 HPs)
             Began as a Demigod Brigand on Dec 8, 2021.
             Slain by a phantom (5 damage)
             ... on level 4 of the Dungeon.
             The game lasted 00:07:46 (3668 turns).

belegose the Sneak (Demigod Brigand)                Turns: 3668, Time: 00:07:47

Health: -3/36      AC:  3    Str: 13 (16) XL:     4   Next: 88%
Magic:  6/6        EV:  9    Int: 10 (13) God:
Gold:   95         SH:  7    Dex: 13 (15) Spells: 3/3 levels left

rFire    . . .     SeeInvis .   a - +2 dagger
rCold    . . .     Faith    .   f - +0 kite shield
rNeg     . . .     Spirit   .   b - +0 robe
rPois    .         Reflect  .   (no helmet)
rElec    .         Harm     .   c - +0 cloak
rCorr    .         Rampage  .   (no gloves)
Will     .....                  (no boots)
Stlth    ++........             (no amulet)
HPRegen  0.12/turn              (no ring)
MPRegen  0.10/turn              (no ring)

@: attractive, flying
A: high mp 1, forlorn
a: no special abilities


You were on level 4 of the Dungeon.
You visited 1 branch of the dungeon, and saw 4 of its levels.

You collected 95 gold pieces.

Inventory:

Hand Weapons
 a - a +2 dagger (weapon)
Missiles
 d - 6 poisoned darts
 e - 2 curare-tipped darts
 k - 57 stones (quivered)
Armour
 b - a +0 robe (worn)
 c - a +0 cloak (worn)
 f - a +0 kite shield (worn)
Scrolls
 g - 2 scrolls of magic mapping {unknown}
 i - a scroll of fog {unknown}
 l - a scroll of acquirement {unknown}
 n - a scroll of vulnerability {unknown}
 o - a scroll of summoning {unknown}
 p - 3 scrolls of identify {unknown}
 t - a scroll of noise {unknown}
Potions
 h - a potion of attraction
 q - a potion of invisibility {unknown}
 r - a potion of curing {unknown}


   Skills:
 - Level 2.2 Fighting
 + Level 3.0 Short Blades
 + Level 3.0 Throwing
 - Level 1.4 Dodging
 - Level 3.6 Stealth
 + Level 1.7 Shields


You had 3 spell levels left.
You didn't know any spells.
Your spell library contained the following spells:

 Spells                   Type           Power      Damage    Failure   Level
 Foxfire                  Conj/Fire      0%         2x1d4     91%         1
 Static Discharge         Conj/Air       0%         N/A       97%         2
 Conjure Flame            Conj/Fire      0%         6-21      99%         3
 Inner Flame              Hex/Fire       0%         N/A       99%         3
 Animate Dead             Necr           0%         N/A       100%        4
 Dispel Undead            Necr           0%         3d6       100%        4
 Sticky Flame             Conj/Fire      0%         2d3       100%        4
 Haunt                    Necr/Summ      0%         N/A       100%        7
 Infestation              Necr           0%         N/A       100%        8


Dungeon Overview and Level Annotations

Branches:
Dungeon (4/15)
 Temple: D:4-7

Annotations:
D:2 Sigmund
D:4 Pikel


Innate Abilities, Weirdness & Mutations

Your attributes grow dramatically as you level up.
You have an increased reservoir of magic. (+10% MP)
You shall have no god before yourself.


Message History

You hit the phantom but do no damage.
The phantom is severely damaged.
The phantom hits you!
The phantom hits you but does no damage.
You closely miss the phantom.
The phantom is severely damaged.
The phantom hits you.
The phantom blinks!
You blink.
You hit the phantom but do no damage.
The phantom is severely damaged.
The phantom hits you.
* * * LOW HITPOINT WARNING * * *
The phantom blinks!
You blink.
You closely miss the phantom.
The phantom is severely damaged.
The phantom hits you.
* * * LOW HITPOINT WARNING * * *
You hit the phantom but do no damage.
The phantom is severely damaged.
You block the phantom's attack.
You aren't carrying any items that you can evoke.
You completely miss the phantom.
The phantom is severely damaged.
The phantom hits you.
* * * LOW HITPOINT WARNING * * *
The phantom blinks!
You blink.
It was a potion of attraction.
You feel attractive to monsters. The phantom hits you.
* * * LOW HITPOINT WARNING * * *
The phantom blinks!
You blink.
It was a potion of flight.
You feel very buoyant.
You fly up into the air.
You block the phantom's attack.
An iguana comes into view.
The iguana is pulled toward you!
It was a potion of degeneration.
There was something very wrong with that liquid.
You feel weakened.
You feel dopey.
You feel clumsy. The phantom hits you.
You die...

#.##..##.####
####........<..###.#
...((.........^....#
..>..>...##.##.#####
####..(...#.##..##
....l............#
###......#.#..>...
#....W...##.#.#..
#...@........##.#
.....#.########.#
######. #.# .. #.
### #. #. #. #.
#.###5#


You could see a phantom and an iguana (wandering).

Vanquished Creatures
  A scorpion (D:3)
  A jelly (D:4)
  An adder (D:3)
  A worm (D:2)
  4 ball pythons
  4 bats
  2 endoplasms
  A giant cockroach (D:1)
  6 hobgoblins
  4 jackals (D:1)
  4 quokkas (D:1)
  5 frilled lizards
  7 goblins
  5 kobolds
  3 rats
49 creatures vanquished.

Notes
Turn   | Place    | Note
-------+----------+-------------------------------------------
     0 | D:1      | belegose the Demigod Brigand began the quest for the Orb.
     0 | D:1      | Reached XP level 1. HP: 17/17 MP: 3/3
    66 | D:1      | Reached skill level 1 in Dodging
   371 | D:1      | Reached XP level 2. HP: 24/24 MP: 4/4
  1511 | D:2      | Reached XP level 3. HP: 29/29 MP: 5/5
  1537 | D:2      | Noticed Sigmund
  2599 | D:3      | Noticed a scorpion
  2608 | D:3      | Killed a scorpion
  2609 | D:3      | Reached skill level 1 in Shields
  2609 | D:3      | Reached XP level 4. HP: 21/36 MP: 6/6
  3200 | D:4      | Noticed Pikel
  3200 | D:4      | Noticed a lemure
  3200 | D:4      | Noticed a lemure
  3200 | D:4      | Noticed a lemure
  3646 | D:4      | Noticed a phantom
  3668 | D:4      | Slain by a phantom

Illustrated notes

Levels and vault maps discovered:
D:1:      tarquinn_simple_flora_water_f, layout_loops_ring
D:2:      kennysheep_big_flooded_room, layout_basic, uniq_sigmund
D:3:      layout_basic, hellmonk_ecumenical_altar_run_dry
D:4:      layout_loops_ring, riverfiend_overflow_shadow_ancestor,
          grunt_gozag_statues, minmay_temple_entry_gardened_gates,
          supply_closet_lemuel, minmay_goblin_kobold_house, uniq_ijyb,
          uniq_pikel

Skill      XL: |  1  2  3  4 |
---------------+-------------+-----
Dodging        | 1 |  1.4
Fighting       | 2 |  2.2
Short Blades   | 2 3 |  3.0
Throwing       | 2 3 |  3.0
Shields        | 1 |  1.7
Stealth        | |  3.6

Action                   |  1- 3 |  4- 6 || total
-------------------------+-------+-------++-------
Melee: Dagger            |   148 |    37 ||   185
Throw: Dart              |     4 |     2 ||     6
       Javelin           |       |     4 ||     4
       Stone             |       |     1 ||     1
  Use: Potion            |       |     3 ||     3
 Stab: Sleeping          |     7 |     3 ||    10
Armor: Robe              |    30 |     7 ||    37
Dodge: Dodged            |    80 |    11 ||    91
Block: Kite shield       |    14 |    17 ||    31
